cohdb
Replays
Latest Replays
All Replays
Popular Replays
Top Player Replays
Match Explorer
How It Works
Community
CoH3 Stats
Reddit
Sign in to upload your games and track your stats! →
Sign in with Steam
Match 36930389
Unlisted
Match 36930389
Overview
Messages
Build Orders
End
Construct Section Command Post
Vickers Machine Gun Team
Selects Australian Defense Battlegroup
Selects Australian Light Infantry Section
Australian Light Infantry Section
Infantry Section
Australian Light Infantry Section
Australian Light Infantry Section
Selects Defensive Tactics
Construct Platoon Command Post
Humber Armored Car
Humber Armored Car
Infantry Section
Selects Vehicle Over Repair
6-pounder Anti-tank Gun Team
foxypan
Belfegor ๏̯͡๏
charley_boots
PzLock
banksss33
Tomlin
Milliam
皮皮
0
0
Comments
sign in to comment!
No comments posted yet!